 Dungeon Crawl Stone Soup version 0.23.2-30-g0e89c35649 (webtiles) character file.

Game seed: 3250599150537285540

4987 senseless the Nimble (level 10, -9/132 HPs)
             Began as a Troll Monk on June 13, 2019.
             Mangled by a hornet (15 damage)
             ... while paralysed by a hornet
             ... on level 8 of the Dungeon.
             The game lasted 00:27:51 (6732 turns).

senseless the Nimble (Troll Monk)                   Turns: 6732, Time: 00:27:52

Health: -9/132     AC: 10    Str: 26    XL:     10   Next: 29%
Magic:  9/9        EV:  1    Int:  6    God:
Gold:   359        SH:  0    Dex: 15    Spells: 9/9 levels left

rFire    + . .     SeeInvis .     - Unarmed
rCold    + . .     Gourm    +   (no shield)
rNeg     + . .     Faith    .   x - +2 robe {rC+}
rPois    .         Spirit   .   (helmet restricted)
rElec    .         Reflect  .   q - +1 cloak
rCorr    .         Harm     .   (gloves unavailable)
MR       .....                  (boots unavailable)
Stlth    ..........             e - amulet of rage
HPRegen  0.72/turn              s - ring of protection from fire
MPRegen  0.11/turn              z - ring of positive energy

@: paralysed, berserking, lethally poisoned (-9 -> -17), hasted and slowed
A: large, unfitting armour, claws 3, hooves 1, horns 2, fast metabolism 3,
gourmand, sense surroundings 1, regeneration 1, shaggy fur 1, tough skin 3
a: Evoke Berserk Rage


You were on level 8 of the Dungeon.
You were completely stuffed.

You visited 1 branch of the dungeon, and saw 8 of its levels.

You collected 359 gold pieces.

Inventory:

Hand Weapons
 l - a +1 short sword of venom
 m - a +1 dagger of electrocution
 o - a +3 dagger of protection
Missiles
 g - 8 large rocks (quivered)
Armour
 q - a +1 cloak (worn)
 w - a +0 robe of magic resistance
 x - a +2 robe of cold resistance (worn)
Jewellery
 e - an amulet of rage (around neck)
 s - a ring of protection from fire (left claw)
 z - a ring of positive energy (right claw)
 B - an uncursed ring of magical power
Wands
 a - a wand of acid (15)
 f - a wand of flame (24)
 r - a wand of enslavement (10)
 v - a wand of disintegration (8)
 y - a wand of clouds (6)
Scrolls
 c - 4 scrolls of teleportation
 h - 3 scrolls of enchant weapon
 i - 3 scrolls of identify
 j - 3 scrolls of amnesia
 k - 3 scrolls of remove curse
Potions
 d - a potion of cancellation
 n - 2 potions of flight
 p - a potion of magic
 t - 2 potions of might
Comestibles
 b - 17 rations
 u - 4 chunks of flesh


   Skills:
 - Level 2.4 Fighting
 - Level 12.0 Dodging
 - Level 1.0 Stealth
 + Level 6.3 Unarmed Combat


You had 9 spell levels left.
You didn't know any spells.
Your spell library contained the following spells:

 Spells                   Type           Power        Failure   Level  Hunger
 Confusing Touch          Hex            #.....       45%         1    ##.....
 Confuse                  Hex            #.......     83%         3    ####...
 Gell's Gravitas          Tloc           #.........   83%         3    ####...
 Petrify                  Tmut/Erth      #.......     99%         4    #####..
 Metabolic Englaciation   Hex/Ice        #.........   100%        5    ######.
 Yara's Violent Unravell  Hex/Tmut       #.........   100%        5    ######.


Dungeon Overview and Level Annotations

Branches:
Dungeon (8/15)             Temple (0/1) D:5            Lair (0/6) D:8

Altars:
Dithmenos
Hepliaklqana
Makhleb
Qazlal
Ru
Vehumet
Zin

Shops:
D:7 [


Innate Abilities, Weirdness & Mutations

You are too large for most types of armour.
You have claws for hands.
Your metabolism is lightning-fast.
You like to eat raw meat.
Your natural rate of healing is unusually fast.
You are covered in fur. (AC +1)
You have extremely tough skin. (AC +3)
You have large cloven feet.
You have a pair of horns on your head.
You passively map a small area around you.


Message History

* * * LOW HITPOINT WARNING * * *
You are lethally poisoned!
You feel as though you will be slow longer.
It was a potion of berserk rage.
A red film seems to cover your vision as you go berserk!
You feel yourself moving faster!
You feel mighty!
You feel very sick. The hornet misses you.
You are too injured to fight recklessly!
You are too injured to fight recklessly!
You barely miss the hornet. Your kick misses the hornet.
The hornet is heavily wounded.
You feel sick. The hornet stings you.
* * * LOW HITPOINT WARNING * * *
You suddenly lose the ability to move!
The hornet stings you.
* * * LOW HITPOINT WARNING * * *
You feel as though you will be slow longer.
* * * LOW HITPOINT WARNING * * *
You feel sick. The hornet stings you!
You die...

.....# #.......# .....#
#.......# .....#
#.......# .....#
#..†....#
.....#####.......#######
....÷..................#
.......................#
.......................#
................@......#
.................y.....#
.......................#
.......................#
.......................#
######+########........#
.....+....# #........#
.....#....# #........#
.....#....# * ,


You could see a hornet.

Vanquished Creatures
  Joseph (D:7)
  Prince Ribbit (D:7)
  A hippogriff (D:7)
  Grinder (D:3)
  4 hogs (D:7)
  A human (D:7)
  Menkaure (D:5)
  Duvessa (D:6)
  An orc warrior (D:7)
  4 ice beasts
  A phantom (D:6)
  2 sky beasts
  4 centaurs
  3 ogres
  3 bullfrogs
  Dowan (D:6)
  4 scorpions
  A water moccasin skeleton (D:6)
  6 killer bees (D:8)
  8 howler monkeys
  A crimson imp (D:8)
  A quasit (D:7)
  5 hounds
  A jelly (D:5)
  3 orc priests
  A bullfrog skeleton (D:8)
  A gnoll shaman (D:4)
  An iguana (D:7)
  4 orc wizards
  6 worker ants
  A hound zombie (D:7)
  3 hound skeletons
  A worker ant zombie (D:6)
  5 gnolls
  4 adders
  An ooze (D:1)
  A worm (D:5)
  3 dart slugs
  4 leopard geckos
  22 orcs
  A ball python (D:8)
  3 giant cockroaches
  8 hobgoblins
  13 jackals
  5 quokkas
  11 bats
  5 frilled lizards
  9 goblins
  A jackal zombie (D:7)
  6 kobolds
  2 quokka skeletons
  6 rats
188 creatures vanquished.

Notes
Turn   | Place    | Note
-------+----------+-------------------------------------------
     0 | D:1      | senseless the Troll Monk began the quest for the Orb.
     0 | D:1      | Reached XP level 1. HP: 22/22 MP: 0/0
   190 | D:1      | Reached skill level 3 in Dodging
   190 | D:1      | Reached XP level 2. HP: 24/29 MP: 1/1
   506 | D:1      | Reached XP level 3. HP: 25/36 MP: 2/2
  1052 | D:2      | Reached skill level 4 in Dodging
  1333 | D:3      | Found a shadowy altar of Dithmenos.
  1395 | D:3      | Noticed Grinder
  1407 | D:3      | Killed Grinder
  1407 | D:3      | Reached skill level 5 in Dodging
  1407 | D:3      | Reached XP level 4. HP: 39/44 MP: 3/3
  1407 | D:3      | Reached XP level 5. HP: 44/50 MP: 4/4
  1412 | D:3      | Reached XP level 6. HP: 54/59 MP: 5/5
  1665 | D:3      | Reached skill level 6 in Dodging
  3035 | D:5      | Entered Level 5 of the Dungeon
  3167 | D:5      | Reached XP level 7. HP: 66/66 MP: 6/6
  3351 | D:5      | Reached skill level 7 in Dodging
  3412 | D:5      | Found a staircase to the Ecumenical Temple.
  3911 | D:5      | Noticed Menkaure
  3932 | D:5      | Killed Menkaure
  3932 | D:5      | Reached skill level 8 in Dodging
  3933 | D:5      | Reached XP level 8. HP: 37/74 MP: 7/7
  4033 | D:5      | Found a hazy altar of Hepliaklqana.
  4319 | D:5      | Found a stormy altar of Qazlal.
  4319 | D:5      | Found a sacrificial altar of Ru.
  4320 | D:5      | Found a radiant altar of Vehumet.
  4592 | D:6      | Reached skill level 9 in Dodging
  4952 | D:6      | Found a glowing silver altar of Zin.
  4952 | D:6      | Noticed Duvessa
  4952 | D:6      | Noticed Dowan
  4960 | D:6      | Killed Duvessa
  4962 | D:6      | Killed Dowan
  5382 | D:6      | Gained mutation: You are partially covered in large bone
                  | plates. (SH +4) [potion of mutation]
  5382 | D:6      | Gained mutation: You passively map a small area around you.
                  | [potion of mutation]
  5383 | D:6      | Lost mutation: You are partially covered in large bone
                  | plates. (SH +4) [potion of mutation]
  5383 | D:6      | Gained mutation: You have a pair of small horns on your
                  | head. [potion of mutation]
  5383 | D:6      | Gained mutation: You have large cloven feet. [potion of
                  | mutation]
  5383 | D:6      | Gained mutation: You have a pair of horns on your head.
                  | [potion of mutation]
  5387 | D:7      | Reached skill level 10 in Dodging
  5429 | D:7      | Noticed a hippogriff
  5439 | D:7      | Killed a hippogriff
  5439 | D:7      | Reached XP level 9. HP: 55/80 MP: 8/8
  5527 | D:7      | Noticed Joseph
  5542 | D:7      | Killed Joseph
  5545 | D:7      | Reached skill level 11 in Dodging
  5820 | D:7      | Found a burning altar of Makhleb.
  5941 | D:7      | Found Vyc Gito's Antique Armour Shop.
  5950 | D:7      | Reached skill level 12 in Dodging
  5997 | D:7      | Noticed Prince Ribbit
  6010 | D:7      | Killed Prince Ribbit
  6010 | D:7      | Reached XP level 10. HP: 81/88 MP: 9/9
  6225 | D:8      | Found a staircase to the Lair.
  6265 | D:8      | Reached skill level 5 in Unarmed Combat
  6724 | D:8      | Paralysed by a hornet for 1 turns
  6731 | D:8      | Paralysed by a hornet for 3 turns
  6732 | D:8      | HP: 6/132 [poisoned by a hornet]
  6732 | D:8      | Mangled by a hornet

Skill      XL: |  1  2  3  4  5  6  7  8  9 10 |
---------------+-------------------------------+-----
Dodging        | 3 5 6 8 10 12 | 12.0
Unarmed Combat | 6 |  6.3
Fighting       | |  2.4
Stealth        | |  1.0

Action                   |  1- 3 |  4- 6 |  7- 9 | 10-12 || total
-------------------------+-------+-------+-------+-------++-------
Melee: Unarmed           |   139 |   118 |   283 |    98 ||   638
       Punch             |     1 |     2 |     5 |     3 ||    11
       Kick              |       |       |    62 |    32 ||    94
       Headbutt          |       |       |    37 |    14 ||    51
 Abil: Evoke Berserk Rag |     1 |       |     2 |     1 ||     4
  Use: Scroll            |     5 |     2 |    10 |     1 ||    18
       Potion            |       |       |     2 |     3 ||     5
 Stab: Sleeping          |     3 |     3 |     3 |       ||     9
  Eat: Chunk             |    17 |    15 |    32 |     8 ||    72
Armor: Robe              |    76 |    25 |    68 |    30 ||   199
Dodge: Dodged            |    98 |    63 |   203 |   133 ||   497
